AoeStats
← small_rain_111

Coastal Forest

510733807Analyzed
4v4 RM · 22h ago on Oct 2, 2026· 42m 38s· 8 players
Game mode
Random Map
Map size
Large (8 player)
Population
200
Speed
Normal
Resources
Standard
Victory
Conquest
Starting age
Dark Age
Ending age
Imperial Age
RankedLock teamsTeams togetherTeam positionsShared explorationLock speedFull tech treeHidden civsTurbo modeCheats
Victory
Defeat
🇨🇭 Byzantines · Switzerland
1081
+14
🇮🇳 Khitans · India
1075
+14
🇦🇹 Berbers · Austria
1011
+18
🇷🇺 Aztecs · Russia
1004
+17
🇨🇳 Vietnamese · China
1049
-16
🇨🇳 Spanish · China
1045
-16
🇨🇳 Poles · China
1032
-16
🇨🇳 Franks · China
1017
-15
啊斯基烂坦
12:40 Feudal Age
18:33 Castle Age
20:40 Double-Bit Axe
25:23 Light Cavalry
26:13 Stone Mining
26:53 Bow Saw
27:51 Husbandry
33:46 Imperial Age
31:54 Scale Barding Armor
31:59 Forging
32:05 Forging
32:24 Gold Mining
33:35 Chain Barding Armor
34:52 Iron Casting
33:54 Cavalier
34:56 Chivalry
35:33 Conscription
35:10 Paladin
36:34 Gold Shaft Mining
37:16 Wheelbarrow
42:32 Plate Barding Armor
赢嘤嘤嘤嘤因
10:32 Feudal Age
15:22 Castle Age
14:12 Double-Bit Axe
14:10 Horse Collar
21:58 Bow Saw
23:46 Loom
25:26 Wheelbarrow
25:05 Heavy Plow
26:47 Hand Cart
26:46 Gold Mining
27:30 Stone Mining
31:04 Imperial Age
28:34 Town Watch
30:22 Stone Shaft Mining
33:14 Szlachta Privileges
33:31 Lechitic Legacy
33:52 Husbandry
34:08 Scale Barding Armor
34:05 Padded Archer Armor
34:58 Crop Rotation
34:25 Cavalier
38:36 Chain Barding Armor
38:11 Fletching
38:36 Leather Archer Armor
38:34 Forging
Im Noob
10:53 Feudal Age
15:04 Castle Age
20:38 Loom
22:16 Wheelbarrow
37:49 Imperial Age
small_rain_111
4:16 Loom
10:25 Feudal Age
11:52 Fletching
23:47 Castle Age
26:22 Gold Mining
29:40 Pikeman
31:25 Double-Bit Axe
35:57 Fortified Wall
Biskrem
6:28 Loom
9:27 Feudal Age
9:55 Double-Bit Axe
14:34 Bloodlines
18:09 Horse Collar
21:48 Castle Age
22:14 Wheelbarrow
24:25 Husbandry
24:50 Scale Barding Armor
27:29 Chain Barding Armor
28:59 Forging
31:11 Iron Casting
32:05 Heavy Plow
33:32 Fletching
33:43 Padded Archer Armor
34:18 Bodkin Arrow
35:15 Leather Archer Armor
39:49 Ballistics
40:09 Thumb Ring
43:05 Imperial Age
kailashsaravanaraj
10:54 Feudal Age
14:38 Castle Age
21:27 Stone Mining
23:37 Stone Shaft Mining
23:22 Double-Bit Axe
24:37 Wheelbarrow
25:08 Forging
25:54 Hand Cart
26:30 Gold Mining
31:38 Imperial Age
30:56 Lamellar Armor
31:35 Bow Saw
31:18 Domestication
33:00 Iron Casting
32:26 Scale Mail Armor
32:54 Pastoralism
33:57 Conscription
32:58 Elite Liao Dao
36:58 Siege Engineers
37:32 Squires
37:18 Arson
藍采和
13:57 Feudal Age
14:40 Loom
19:13 Castle Age
28:10 Imperial Age
27:21 Sanctity
28:00 Fervor
28:56 Double-Bit Axe
29:46 Block Printing
31:03 Theocracy
30:55 Illumination
33:06 Redemption
35:11 Atonement
43:06 Herbal Medicine
43:12 Devotion
orb.blue
0:28 Loom
13:38 Feudal Age
15:20 Double-Bit Axe
19:26 Castle Age
17:36 Fishing Lines
18:54 Scale Mail Armor
20:56 Wheelbarrow
21:00 Fletching
21:30 Gambesons
23:38 Gillnets
24:43 Gold Mining
25:48 Bow Saw
25:53 Arson
26:14 Squires
30:44 Imperial Age
29:02 Gold Mining
29:16 Bodkin Arrow
31:08 Elite Varangian Guard
32:06 Forging
32:19 Chain Mail Armor
33:24 Logistica
34:41 Iron Casting
36:51 Plate Mail Armor
37:27 Two-Man Saw
Connection lost

Rejoining the realm…

Still unreachable

The connection could not be restored.

Session expired

The server has moved on; the page needs a fresh start.